 Dungeon Crawl Stone Soup version 0.28.0-53-g5a82cb258f (console) character file.

Game seed: 12129034249844051220

9 Faeu the Chopper (level 2, 0/39 HPs)
             Began as a Hill Orc Berserker on May 24, 2022.
             Was a Follower of Trog.
             Slain by a jackal (1 damage)
             ... on level 1 of the Dungeon.
             The game lasted 00:01:20 (243 turns).

Faeu the Chopper (Hill Orc Berserker)                Turns: 243, Time: 00:01:20

Health: 0/39       AC:  2    Str: 19    XL:     2   Next: 16%
Magic:  2/2        EV: 11    Int:  7    God:    Trog [*.....]
Gold:   0          SH:  0    Dex: 10    Spells: 1/1 levels left

rFire   + . .      SeeInvis .   a - +0 hand axe {axe}
rCold   + . .      Faith    .   (no shield)
rNeg    . . .      Spirit   .   b - +0 animal skin
rPois   .          Reflect  .   (no helmet)
rElec   .          Harm     .   e - scarf {rC+ rF+}
rCorr   .          Rampage  .   (no gloves)
Will    .....                   (no boots)
Stlth   ..........              (no amulet)
HPRegen 0.13/turn               (no ring)
MPRegen 0.08/turn               (no ring)

@: berserking (expiring), very quick
A: no striking features
a: Renounce Religion, Berserk


You were on level 1 of the Dungeon.
You worshipped Trog.
Trog was aware of your devotion.
You visited 1 branch of the dungeon, and saw 1 of its levels.


   Skills:
 - Level 3.6 Fighting
 + Level 4.3 Axes
 - Level 2.1 Armour
 - Level 1.5 Dodging
 + Level 0.9 Fire Magic
 + Level 1.2 Invocations


You had one spell level left.
You didn't know any spells.
Your spell library was empty.

Inventory:

Hand Weapons
 a - a +0 hand axe (weapon) {axe}
Armour
 b - a +0 animal skin (worn)
 e - a scarf of resistance (worn)
   (You found it on level 1 of the Dungeon)
Scrolls
 c - a scroll of identify {unknown}
Potions
 d - 2 potions of flight {unknown}

Dungeon Overview and Level Annotations

Branches:
Dungeon (1/15)

Altars:

......... ..........
..!........
........................
#.....................K.
#..........##........K..
+.......................
#.......................
..####..................
................h.......
....)...........@†......
..................##....
.........#........# .
.........#####.##.#
..######## #.# .# ..#
### #.. ..
#######.#######.#...
###.#.#∩#...♣# .#..).
..#∩#........♣# .
..........♣...#.#.#
.............♣#.#.


You could see a jackal and 2 kobolds.


Message History

The rat bites you. 😕 HP[-1]
You take 1 damage, and now have 17/19 hp.
You hit the rat.
You kill the rat!
Trog accepts your kill.
You hit the kobold but do no damage.
The kobold hits you with a +0 short sword.
Trog does not appreciate your training of magic skills!
You feel a little guilty. 😮 HP[-4]
You take 4 damage, and now have 13/19 hp.
MASSIVE DAMAGE!! (PAUSE)
The kobold hits you but does no damage.
You hit the kobold.
You kill the kobold!
Trog accepts your kill.
Trog does not appreciate your training of magic skills!
You feel a little guilty.
Things that are here:
a +0 short sword {short}; a kobold corpse A quokka comes into view.
A jackal and a rat come into view.
The jackal barks!
The quokka misses you.
You hit the quokka but do no damage. The quokka closely misses you.
A ball python comes into view.
The ball python hisses angrily.
You hit the quokka.
You hear a bark!
The quokka bites you.
The quokka bites you but does no damage. 😮 HP[-1]
You take 1 damage, and now have 12/19 hp.
You closely miss the quokka. You completely miss the jackal.
The jackal closely misses you.
A jackal comes into view.
The quokka bites you. The jackal closely misses you. 😮 HP[-1]
You take 1 damage, and now have 11/19 hp.
You hit the quokka but do no damage. You hit the jackal. The jackal bites you.
The quokka bites you.
* * * LOW HITPOINT WARNING * * *
😨 HP[-3]
You take 3 damage, and now have 8/19 hp.
You hit the quokka.
You kill the quokka!
Trog accepts your kill.
You closely miss the rat. You barely miss the jackal. The jackal bites you.
* * * LOW HITPOINT WARNING * * *
The rat bites you.
* * * LOW HITPOINT WARNING * * *
The jackal bites you.
* * * LOW HITPOINT WARNING * * *
Trog does not appreciate your training of magic skills!
You feel a little guilty.
Your Invocations skill increases to level 1! 😱 HP[-5]
You take 5 damage, and now have 3/19 hp.
MASSIVE DAMAGE!! (PAUSE)
A red film seems to cover your vision as you go berserk!
You feel yourself moving faster!
You feel mighty! The jackal bites you.
* * * LOW HITPOINT WARNING * * *
The rat bites you.
* * * LOW HITPOINT WARNING * * *
😱 HP[-1]
You now have 28 max hp (+9).
You hit the rat.
You kill the rat!
Trog accepts your kill.
You slash the jackal!
You kill the jackal!
Trog accepts your kill.
A jackal comes into view.
Trog does not appreciate your training of magic skills!
You feel guilty.
You have reached level 2! 😱 HP[+2] MP[+1]
You now have 39 max hp (+11).
You regained 2 hp, and now have 4/39 hp.
Your mp is fully restored (2).
You slash the ball python!
You kill the ball python!
Trog accepts your kill.
Trog does not appreciate your training of magic skills!
You barely miss the jackal.
The jackal bites you but does no damage.
A kobold comes into view. It is wielding a +0 whip.
You closely miss the jackal. The jackal barely misses you.
A kobold comes into view. It is wielding a +0 short sword.
The jackal bites you.
* * * LOW HITPOINT WARNING * * *
😱 HP[-3]
You take 3 damage, and now have 1/39 hp.
The kobold shouts!
You slash the jackal!
You kill the jackal!
Trog accepts your kill.
Trog does not appreciate your training of magic skills!
You feel a little guilty.
You closely miss the jackal. The jackal bites you.
You die...

Skill      XL: |  1 |
---------------+----+-----
Invocations    | 1 |  1.2
Fighting       | |  3.6
Axes           | |  4.3
Armour         | |  2.1
Dodging        | |  1.5
Fire Magic     | |  0.9

Action                   || total
-------------------------++-------
Melee: Hand axe          ||    20
Invok: Berserk           ||     1
Armor: Animal skin       ||     4
Dodge: Dodged            ||    11

Levels and vault maps discovered:
D:1:      nzn_arrival_settlement, layout_basic

Notes
Turn   | Place    | Note
-------+----------+-------------------------------------------
     0 | D:1      | Faeu the Hill Orc Berserker began the quest for the Orb.
     0 | D:1      | Reached XP level 1. HP: 19/19 MP: 1/1
     0 | D:1      | magus.rc [v1.9.6]
   235 | D:1      | HP: 3/19 [jackal (2)]
   236 | D:1      | Reached skill level 1 in Invocations
   238 | D:1      | Reached XP level 2. HP: 4/26 MP: 2/2
   240 | D:1      | HP: 1/39 [jackal (3)]
   243 | D:1      | Slain by a jackal

Vanquished Creatures
  A hobgoblin (D:1)
  2 jackals (D:1)
  A quokka (D:1)
  3 ball pythons (D:1)
  A kobold (D:1)
  2 rats (D:1)
10 creatures vanquished.

Table legend:
 A = Non-vault XP
 B = Vault XP
 C = Vault XP percentage of total XP
 D = Non-vault monster count
 E = Vault monster count
 F = Vault count percentage of total count
                 A         B        C        D         E       F
            +---------+---------+-------+---------+---------+-------
      Total |      14 |       0 |   0.0 |      10 |       0 |   0.0
            +---------+---------+-------+---------+---------+-------
        D:1 |      14 |       0 |   0.0 |      10 |       0 |   0.0
            +---------+---------+-------+---------+---------+-------

Illustrated notes

Table legend:
 A = Kills in this place as a percentage of kills in entire the game.
 B = Kills by you in this place as a percentage of kills by you in the entire game.
 C = Kills by friends in this place as a percentage of kills by friends in the entire game.
 D = Other kills in this place as a percentage of other kills in the entire game.
 E = Experience gained in this place as a percentage of experience gained in the entire game.
 F = Experience gained in this place divided by the number of levels of this place that you have seen.
                   A       B       C       D       E      F
               +-------+-------+-------+-------+-------+----------------------
         Total | 100.0 | 100.0 |   N/A |   N/A | 100.0 |  14.0
       Dungeon | 100.0 | 100.0 |   N/A |   N/A | 100.0 |  14.0
               +-------+-------+-------+-------+-------+----------------------

Table legend: (Time is in decaauts)
 A = Elapsed time spent in this place.
 B = Non-inter-level travel time spent in this place.
 C = Inter-level travel time spent in this place.
 D = Time resting spent in this place.
 E = Time spent auto-exploring this place.
 F = Levels seen in this place.
 G = Mean time per level.
                   A        B        C        D        E       F      G
               +--------+--------+--------+--------+--------+-----+--------+
         Total |    243 |    243 |      0 |      0 |    162 |   1 |  243.0 |
       Dungeon |    243 |    243 |      0 |      0 |    162 |   1 |  243.0 |
               +--------+--------+--------+--------+--------+-----+--------+

Top non-repeatable levels by time:
     D:1: 243 daAuts
